 Dungeon Crawl Stone Soup version 0.23.2-1-ga50397a6bc (webtiles) character file.

Game seed: 5887794049939568218

556 Mrkan the Cudgeler (level 7, -8/39 HPs)
             Began as a Gargoyle Fighter on May 19, 2019.
             Was a Believer of Hepliaklqana.
             Mangled by an ogre
             ... wielding a +0 giant club
              (12 damage)
             ... on level 4 of the Dungeon.
             The game lasted 00:06:01 (2801 turns).

Mrkan the Cudgeler (Gargoyle Fighter)               Turns: 2801, Time: 00:06:01

Health: -8/39      AC: 11    Str: 22    XL:     7   Next: 30%
Magic:  8/8        EV:  7    Int:  8    God:    Hepliaklqana [**....]
Gold:   142        SH:  9    Dex:  9    Spells: 6/6 levels left

rFire    . . .     SeeInvis .   a - +0 flail
rCold    . . .     Gourm    .   c - +0 shield
rNeg     + . .     Faith    .   b - +0 scale mail
rPois    ∞         Spirit   .   (no helmet)
rElec    +         Reflect  .   (no cloak)
rCorr    .         Harm     .   (no gloves)
MR       .....                  (no boots)
Stlth    ..........             (no amulet)
HPRegen  0.13/turn              (no ring)
MPRegen  0.11/turn              (no ring)

@: no status effects
A: reduced essence, negative energy resistance 1, electricity resistance,
unbreathing, petrification resistance, rot immunity, AC +4
a: Recall Ancestor, Ancestor Identity, Renounce Religion


You were on level 4 of the Dungeon.
You worshipped Hepliaklqana.
Hepliaklqana was pleased with you.
You were hungry.

You visited 1 branch of the dungeon, and saw 4 of its levels.

You collected 142 gold pieces.

Inventory:

Hand Weapons
 a - a +0 flail (weapon)
Armour
 b - a +0 scale mail (worn)
 c - a +0 shield (worn)
Jewellery
 e - an uncursed ring of positive energy {unknown}
 n - an uncursed ring of resist corrosion {unknown}
Scrolls
 h - a scroll of random uselessness {unknown}
 j - 2 scrolls of fear {unknown}
 k - 2 scrolls of remove curse {unknown}
 m - 2 scrolls of identify {unknown}
 p - 2 scrolls of enchant weapon {unknown}
 r - a scroll of blinking {unknown}
 t - 2 scrolls of teleportation {unknown}
 u - a scroll of noise {unknown}
Potions
 d - a potion of might
 g - a potion of ambrosia {unknown}
 i - 3 potions of curing {unknown}
 l - a potion of berserk rage {unknown}
 o - a potion of heal wounds {unknown}
 q - a potion of invisibility {unknown}
 s - 3 potions of haste {unknown}
 v - a potion of lignification {unknown}
Comestibles
 f - 5 rations


   Skills:
 + Level 5.5 Fighting
 * Level 6.1 Maces & Flails
 - Level 3.2 Armour
 - Level 3.2 Shields
 + Level 2.2 Invocations


You had 6 spell levels left.
You didn't know any spells.
Your spell library contained the following spells:

 Spells                   Type           Power        Failure   Level  Hunger
 Recall                   Summ/Tloc      N/A          100%        3    ####...
 Animate Dead             Necr           N/A          100%        4    #####..
 Borgnjor's Vile Clutch   Necr/Erth      #.........   100%        5    ######.
 Death Channel            Necr           #.........   100%        6    #######
 Simulacrum               Ice/Necr       #.........   100%        6    #######


Dungeon Overview and Level Annotations

Branches:
Dungeon (4/15)             Temple (0/1) D:4

Altars:
Gozag
Hepliaklqana
Makhleb
Xom
Yredelemnul


Innate Abilities, Weirdness & Mutations

You are resistant to torment.
Your stone body is resilient. (AC +4)
You are immune to poison.
You resist negative energy. (rN+)
You are resistant to electric shocks. (rElec)
You can survive without breathing.
You are immune to petrification.
You are immune to rotting.
Your life essence is reduced to manifest your ancestor. (-10% HP)


Message History

The ooze quivers.
The ogre shouts!
There are monsters nearby!
There are monsters nearby!
The ogre hits you with a +0 giant club!!
Ouch! That really hurt!
Found 9 gold pieces.
Found a stone staircase leading down.
There is an open door here.
You sock the ogre!
The ogre is moderately wounded.
You block the ooze's attack. The ogre barely misses you.
Your shield and scale mail prevent you from hitting the ogre.
The ogre is moderately wounded.
The ooze completely misses you. The ogre hits you with a +0 giant club!
* * * LOW HITPOINT WARNING * * *
You sock the ogre!
The ogre is severely wounded.
The ooze hits you but does no damage. You block the ooze's attack.
The ogre hits you with a +0 giant club!
You die...

......# #.....'....#...#..
....#..........#.....#....#...#..
....##.........#....###########..
#.#..# ........######............
#.##..# .........................
... #... >......................#
.>.. ... .......................#
...## ......JO.$.............#
#@##############'# #
#R.............#.# ..
#..............'.# ..
#....####+######.# ..
...####'#......#.##.# .
...............#....#
...............#....#
...............#....#
...............##'###


You could see the friendly Hekka the hexer, an ogre and an ooze.

Vanquished Creatures
  A sky beast (D:2)
  A bullfrog (D:2)
  A howler monkey (D:4)
  A killer bee zombie (D:2)
  5 adders
  2 gnolls (D:3)
  An ooze (D:4)
  A worm (D:2)
  A dart slug (D:1)
  3 leopard geckos
  4 orcs
  4 giant cockroaches
  11 goblins
  5 hobgoblins
  4 jackals (D:1)
  A ball python (D:1)
  4 bats
  4 frilled lizards
  3 kobolds
  3 rats
60 creatures vanquished.

Vanquished Creatures (collateral kills)
  Sigmund (D:4)
  A worker ant (D:4)
  A gnoll (D:3)
  An adder (D:3)
  An adder skeleton (D:4)
  An orc (D:4)
  A goblin (D:3)
  A kobold (D:3)
  2 quokkas
  A bat (D:3)
  A frilled lizard (D:4)
  A rat (D:3)
13 creatures vanquished.

Grand Total: 73 creatures vanquished

Notes
Turn   | Place    | Note
-------+----------+-------------------------------------------
     0 | D:1      | Mrkan the Gargoyle Fighter began the quest for the Orb.
     0 | D:1      | Reached XP level 1. HP: 14/14 MP: 1/1
    35 | D:1      | Reached XP level 2. HP: 13/19 MP: 2/2
   158 | D:1      | Reached skill level 3 in Maces & Flails
   158 | D:1      | Reached XP level 3. HP: 14/24 MP: 3/3
   591 | D:2      | Reached XP level 4. HP: 24/29 MP: 4/4
   678 | D:2      | Found a burning altar of Makhleb.
   679 | D:2      | Noticed a balrug
   721 | D:2      | Found a basalt altar of Yredelemnul.
  1014 | D:2      | Noticed a bullfrog
  1017 | D:2      | Noticed a sky beast
  1022 | D:2      | Killed a bullfrog
  1022 | D:2      | Reached skill level 4 in Maces & Flails
  1022 | D:2      | Reached XP level 5. HP: 26/34 MP: 5/5
  1058 | D:2      | Killed a sky beast
  1058 | D:2      | Reached skill level 5 in Maces & Flails
  1058 | D:2      | Reached XP level 6. HP: 21/40 MP: 6/6
  1313 | D:2      | Found a faded altar of an unknown god.
  1320 | D:2      | Became a worshipper of Hepliaklqana the Forgotten
  1320 | D:2      | Reached * piety under Hepliaklqana
  1619 | D:3      | Reached skill level 5 in Fighting
  1879 | D:3      | Reached ** piety under Hepliaklqana
  1898 | D:3      | Remembered your ancestor Hekka as a hexer
  2061 | D:3      | Found an opulent altar of Gozag.
  2527 | D:4      | Found a staircase to the Ecumenical Temple.
  2563 | D:4      | Reached skill level 1 in Invocations
  2612 | D:4      | Noticed Sigmund
  2626 | D:4      | Killed Sigmund
  2626 | D:4      | Reached skill level 6 in Maces & Flails
  2626 | D:4      | Reached XP level 7. HP: 33/39 MP: 6/8
  2745 | D:4      | Found a hazy altar of Hepliaklqana.
  2746 | D:4      | Found a shimmering altar of Xom.
  2747 | D:4      | Noticed a spectral ugly thing
  2801 | D:4      | Mangled by an ogre

Skill      XL: |  1  2  3  4  5  6 |
---------------+-------------------+-----
Maces & Flails | 3 4 5 6 |  6.1
Fighting       | 4 5 |  5.5
Invocations    | 2 |  2.2
Armour         | |  3.2
Shields        | |  3.2

Action                   |  1- 3 |  4- 6 |  7- 9 || total
-------------------------+-------+-------+-------++-------
Melee: Flail             |    97 |   148 |    17 ||   262
Invok: Ancestor Life: He |       |     1 |       ||     1
       Ancestor Identity |       |     1 |       ||     1
 Stab: Distracted        |       |     1 |       ||     1
  Eat: Chunk             |       |     6 |       ||     6
Armor: Scale mail        |    93 |    67 |     8 ||   168
Dodge: Dodged            |    31 |    42 |     6 ||    79
Block: Shield            |    79 |    64 |     6 ||   149
